 Dungeon Crawl Stone Soup version 0.20.1-1-g8b1a95d (webtiles) character file.

102 ReteAZ the Conjurer (level 4, 0/35 HPs)
             Began as a Demigod Conjurer on Aug 20, 2017.
             Killed by nerve-wracking pain
             ... invoked by Menkaure
              (11 damage)
             ... on level 4 of the Dungeon.
             The game lasted 00:07:00 (2253 turns).

ReteAZ the Conjurer (Demigod Conjurer)              Turns: 2253, Time: 00:07:01

Health: 0/35       AC: 10    Str: 11    XL:     4   Next: 26%
Magic:  10/10      EV: 11    Int: 21    God:
Gold:   111        SH:  0    Dex: 16    Spells: 4/7 levels left

rFire    . . .     SeeInvis .   h - +0 short sword
rCold    . . .     Gourm    .   (no shield)
rNeg     . . .     Faith    .   w - +0 acid dragon scales
rPois    .         Spirit   .   t - +2 hat
rElec    .         Reflect  .   k - +0 cloak (curse)
rCorr    +         Harm     .   (no gloves)
MR       .....                  m - +0 pair of boots
Stlth    ++........             f - amulet of magic regeneration
Regen    0.2/turn               (no ring)
MPRegen  0.2/turn               (no ring)

@: no status effects
A: high mp 1
a: no special abilities


You were on level 4 of the Dungeon.
You were not hungry.

You visited 1 branch of the dungeon, and saw 4 of its levels.

You collected 111 gold pieces.

Inventory:

Hand Weapons
 h - a +0 short sword (weapon)
Missiles
 i - 98 stones (quivered)
Armour
 a - a +0 robe
 k - a cursed +0 cloak (worn)
 m - a +0 pair of boots (worn)
 t - a +2 hat (worn)
 w - +0 acid dragon scales (worn)
Jewellery
 f - an amulet of magic regeneration (around neck)
Scrolls
 d - 5 scrolls of identify {unknown}
 e - 3 scrolls of recharging {unknown}
 n - a scroll of amnesia {unknown}
 o - a scroll of random uselessness {unknown}
 p - a scroll of blinking {unknown}
 q - a scroll of remove curse {unknown}
 y - a scroll of fear {unknown}
 z - a scroll of teleportation {unknown}
Potions
 j - a potion of flight {unknown}
 l - a potion of curing {unknown}
 r - a potion of ambrosia {unknown}
 s - a potion of mutation {unknown}
 v - a potion of lignification {unknown}
 x - a potion of magic {unknown}
Books
 b - a book of Conjurations

   Spells                             Type                      Level
   a - Magic Dart                     Conjuration                  1
   b - Searing Ray                    Conjuration                  2
   c - Dazzling Spray                 Conjuration/Hexes            3
   d - Fulminant Prism                Conjuration/Hexes            4
   e - Force Lance                    Conjuration/Translocation    4
   f - Iskenderun's Mystic Blast      Conjuration                  4
Comestibles
 c - 3 bread rations
 g - a meat ration


   Skills:
 + Level 1.1 Fighting
 + Level 0.0 Armour
 - Level 1.7 Dodging
 - Level 1.7 Stealth
 + Level 2.2 Spellcasting
 - Level 5.0 Conjurations


You had 4 spell levels left.
You knew the following spells:

 Your Spells              Type           Power        Failure   Level  Hunger
a - Magic Dart            Conj           ###.         2%          1    #......
b - Searing Ray           Conj           ###...       4%          2    ##.....


Dungeon Overview and Level Annotations

Branches:
Dungeon (3/15)

Annotations:
D:4 Menkaure


Innate Abilities, Weirdness & Mutations

You have an increased reservoir of magic. (+10% MP)


Message History

There is an open door here.
You open the door.
There is an open door here.
You open the door.
All of the chunks of flesh in your inventory have rotted away.
There is an open door here.
Found a ring mail.
You see here a ring mail.
i - 98 stones (gained 11) Menkaure, Prince of Dust comes into view.
Menkaure shouts!
Menkaure casts a spell.
Menkaure seems to speed up.
Menkaure calls on the powers of darkness!
Your body is wracked with pain!
Menkaure calls on the powers of darkness!
Your body is wracked with pain!
Menkaure gestures at you while chanting.
Pain shoots through your body!
You die...

#.#
#.......#
#.#
#.......#
#.#
#........
#.#
.........
#.#
.........
#.#
.......#.
#.#
.#####...
#.# #.##
#@# #.
#.# #.#
#.#
#.#####
#.M...#
#####.#
... ...#


You could see Menkaure.

Vanquished Creatures
  An orc priest (D:3)
  An adder (D:2)
  A worm (D:2)
  6 dart slugs
  2 orcs (D:3)
  A giant cockroach (D:2)
  7 goblins
  9 hobgoblins
  A jackal (D:2)
  8 kobolds
  A ball python (D:2)
  5 bats (D:2)
  2 frilled lizards
  2 rats
47 creatures vanquished.

Notes
Turn   | Place    | Note
-------+----------+-------------------------------------------
     0 | D:1      | ReteAZ the Demigod Conjurer began the quest for the Orb.
     0 | D:1      | Reached XP level 1. HP: 14/14 MP: 5/5
   172 | D:1      | Reached skill level 4 in Conjurations
   209 | D:1      | Reached XP level 2. HP: 20/20 MP: 4/7
   916 | D:2      | Reached XP level 3. HP: 21/26 MP: 6/8
  1037 | D:2      | Found a white marble altar of Elyvilon.
  1459 | D:2      | Found a deep blue altar of Sif Muna.
  1576 | D:2      | Reached skill level 5 in Conjurations
  1672 | D:2      | Learned a level 2 spell: Searing Ray
  1678 | D:2      | Found a snail-covered altar of Cheibriados.
  1970 | D:3      | Reached skill level 1 in Fighting
  1970 | D:3      | Reached XP level 4. HP: 35/35 MP: 3/9
  2192 | D:3      | You fall through a shaft!
  2246 | D:4      | Noticed Menkaure
  2253 | D:4      | Killed from afar by Menkaure

Skill      XL: |  1  2  3 |
---------------+----------+-----
Conjurations   | 4 5 |  5.0
Fighting       | 1 |  1.1
Spellcasting   | 2 |  2.2
Dodging        | |  1.7
Stealth        | |  1.7

Action                   |  1- 3 |  4- 6 || total
-------------------------+-------+-------++-------
Melee: Short sword       |    15 |     9 ||    24
Throw: Stone             |     1 |       ||     1
 Cast: Magic Dart        |    86 |     4 ||    90
  Eat: Chunk             |     3 |     2 ||     5
Armor: Robe              |     3 |     1 ||     4
Dodge: Dodged            |    15 |     4 ||    19
